 Dungeon Sprint DCSS version 0.17.0-56-gd8de76c (webtiles) character file.

1052 kosy22 the Nimble (level 8, -5/129 (133) HPs)
             Began as a Troll Fighter on Dec 5, 2015.
             Was an Initiate of Qazlal.
             Slain by a wasp (9 damage)
             ... in the Dungeon (Sprint II: "The Violet Keep of Menkaure").
             The game lasted 00:02:40 (325 turns).

kosy22 the Nimble (Troll Fighter)                    Turns: 325, Time: 00:02:41

HP:   -5/129 (133)  AC:  5    Str: 32    XL:     8   Next: 5%
MP:   7/7           EV: 12    Int:  4    God:    Qazlal [......]
Gold: 243           SH: 11    Dex:  9    Spells: 0 memorised, 7 levels left

rFire  . . .     SeeInvis .       - Unarmed
rCold  . . .     Clarity  .     a - +0 robe
rNeg   . . .     SustAt   .     b - +0 shield
rPois  .         Gourm    +     (helmet restricted)
rElec  .         Spirit   .     (no cloak)
rCorr  .         Warding  .     (gloves unavailable)
rMut   .         NoTele   +     (boots unavailable)
MR     .....                    (no amulet)
Stlth  ..........               (no ring)
                                (no ring)

@: berserking, slowed, not resistant to hostile enchantments, extremely
unstealthy
A: unfitting armour, claws 3, fast metabolism 3, gourmand, regeneration 2,
shaggy fur 1, tough skin 2
a: Renounce Religion


You were in the Dungeon.
You worshipped Qazlal.
Qazlal was noncommittal.
You were not hungry.

You visited 1 branch You collected 243 gold pieces.

Inventory:

Armour
 a - a +0 robe (worn)
 b - a +0 shield (worn)
Potions
 c - a potion of might
 g - a potion of haste
 h - 2 potions of magic
Comestibles
 d - 2 bread rations


   Skills:
 + Level 8.6 Fighting
 + Level 8.7 Dodging
 + Level 7.6 Shields
 + Level 7.2 Unarmed Combat


You had 7 spell levels left.
You didn't know any spells.

Dungeon Overview and Level Annotations

Branches:
Dungeon (1/1)

Altars:
Cheibriados
Dithmenos
Elyvilon
Fedhas
Gozag
Kikubaaqudgha
Makhleb
Nemelex Xobeh
Okawaru
Qazlal
Ru
Sif Muna
Trog
Vehumet
Xom
Yredelemnul
Zin
The Shining One
Beogh
Jiyva
Lugonu

Shops:
D =}:%(!=((?[:!=%[

Annotations:
D exclusion: oklob plant


Innate Abilities, Weirdness & Mutations

You are too large for most types of armour.
You have claws for hands.
Your metabolism is lightning-fast.
You like to eat raw meat.
You heal very quickly.
You are covered in fur (AC +1).
You have very tough skin (AC +2).


Message History

You see here a bolt.
Unknown command.
Drink which item? (? for menu, Esc to quit)
A red film seems to cover your vision as you go berserk!
You feel yourself moving faster!
You feel mighty! You block the polar bear's attack. x2
The polar bear closely misses you. The wasp stings you.
* * * LOW HITPOINT WARNING * * *
You feel yourself slow down. The polar bear closely misses you.
The polar bear claws you.
* * * LOW HITPOINT WARNING * * *
The polar bear barely misses you.
You feel a strong urge to attack something.
The wasp stings you!
* * * LOW HITPOINT WARNING * * *
You feel as though you will be slow longer.
You block the polar bear's attack. The polar bear misses you.
The polar bear claws you but does no damage.
The wasp stings you!
You die...

#'..####..##.#▓?[(%$$?
.#....###...##▓▓▓▓▓▓▓+
##......≈≈†≈≈≈≈≈≈≈≈≈≈.
#§≈.....≈#'########+###
≈≈≈≈≈§..≈#_._.....#§§≈##
≈≈≈≈≈§≈.≈#._._....#§≈§≈#
≈≈≈≈§§≈≈≈#_._._...#§§§§§
≈≈≈≈≈§≈≈≈#._._.c..#§§§§§
≈≈§≈≈≈≈≈≈#_._._y@.#≈≈§§§
#≈≈§###≈≈#._._.hh.#§§§§§
#≈§#.._._._.#≈§§§§
#≈≈#..._._..#§§§§▓
§§≈##########§§≈§▓
#####≈≈≈≈≈≈≈≈≈≈§§≈▓
§§≈###≈########≈▓▓▓▓
§§≈≈##≈ ▓▓ §§≈+≈


You could see 2 polar bears, a yaktaur and a wasp.

Vanquished Creatures
  A siren (D)
  A polar bear (D)
  4 necrophages (D)
  2 crocodiles (D)
  3 worms (D)
11 creatures vanquished.

Vanquished Creatures (others)
  Menkaure (D)
1 creature vanquished.

Grand Total: 12 creatures vanquished

Notes
Turn   | Place    | Note
--------------------------------------------------------------
     0 | D        | kosy22 the Troll Fighter began the quest for the Orb.
     0 | D        | Reached XP level 1. HP: 22/22 MP: 0/0
     1 | D        | Noticed a siren
    42 | D        | Killed a siren
    42 | D        | Reached skill level 7 in Fighting
    42 | D        | Reached skill level 5 in Unarmed Combat
    42 | D        | Reached XP level 2. HP: 6/40 MP: 1/1
    42 | D        | Reached XP level 3. HP: 6/46 MP: 2/2
    42 | D        | Reached XP level 4. HP: 7/55 MP: 3/3
    42 | D        | Reached XP level 5. HP: 7/62 MP: 4/4
    42 | D        | Reached XP level 6. HP: 8/71 MP: 5/5
    79 | D        | Killed Menkaure
   152 | D        | Found Caont's Magic Scroll Emporium.
   152 | D        | Found Xuumenia's Book Emporium.
   152 | D        | Found Amasee's Jewellery Emporium.
   152 | D        | Found Fenuth's Antique Weapon Shoppe.
   152 | D        | Found Nudoaq's Antique Armour Shoppe.
   153 | D        | Found Ibautous's Antique Weapon Shoppe.
   153 | D        | Found Huasox's Antique Armour Emporium.
   153 | D        | Found Vehusuuc's Distillery.
   153 | D        | Found Zeba's Food Shoppe.
   154 | D        | Found Nogiodgh's Jewellery Shoppe.
   154 | D        | Found Tablojy's Distillery.
   155 | D        | Noticed a spiny frog
   156 | D        | Noticed a spiny frog
   156 | D        | Found Eduah's Weapon Emporium.
   156 | D        | Found Sogul's Food Shoppe.
   156 | D        | Noticed a crocodile
   156 | D        | Noticed an oklob plant
   157 | D        | Noticed a griffon
   157 | D        | Found Guybeymm's Gadget Shoppe.
   157 | D        | Found Xerergh's Book Shoppe.
   157 | D        | Found Qarch's Jewellery Emporium.
   158 | D        | Noticed a griffon
   164 | D        | Killed a crocodile
   178 | D        | Noticed a necrophage
   178 | D        | Noticed a necrophage
   178 | D        | Noticed a necrophage
   178 | D        | Noticed a necrophage
   182 | D        | Killed a necrophage
   191 | D        | Killed a necrophage
   191 | D        | Reached XP level 7. HP: 58/76 MP: 6/6
   195 | D        | Killed a necrophage
   195 | D        | Reached skill level 8 in Fighting
   203 | D        | Killed a necrophage
   249 | D        | Noticed a crocodile
   250 | D        | Found a deep blue altar of Sif Muna.
   250 | D        | Found an iron altar of Okawaru.
   259 | D        | Killed a crocodile
   266 | D        | Found a sacrificial altar of Ru.
   267 | D        | Found a basalt altar of Yredelemnul.
   267 | D        | Found a glowing golden altar of the Shining One.
   268 | D        | Found a white marble altar of Elyvilon.
   268 | D        | Found a corrupted altar of Lugonu.
   268 | D        | Found a glowing silver altar of Zin.
   269 | D        | Found a shimmering altar of Xom.
   270 | D        | Found a sparkling altar of Nemelex Xobeh.
   270 | D        | Found a roughly hewn altar of Beogh.
   270 | D        | Found a stormy altar of Qazlal.
   271 | D        | Found an ancient bone altar of Kikubaaqudgha.
   271 | D        | Found a bloodstained altar of Trog.
   272 | D        | Found a shadowy altar of Dithmenos.
   272 | D        | Found a radiant altar of Vehumet.
   276 | D        | Found a burning altar of Makhleb.
   276 | D        | Found a blossoming altar of Fedhas.
   276 | D        | Found an opulent altar of Gozag.
   277 | D        | Found a snail-covered altar of Cheibriados.
   277 | D        | Found a viscous altar of Jiyva.
   284 | D        | Noticed a crocodile
   284 | D        | Noticed a crocodile
   289 | D        | Became a worshipper of Qazlal Stormbringer
   300 | D        | Noticed a polar bear
   301 | D        | Noticed a polar bear
   302 | D        | Noticed a polar bear
   309 | D        | Killed a polar bear
   309 | D        | Reached XP level 8. HP: 47/86 MP: 7/7
   310 | D        | Noticed a wasp
   312 | D        | Noticed a yaktaur
   325 | D        | HP: 4/129 [wasp (9)]
   325 | D        | Slain by a wasp

Action                   |  1- 3 |  4- 6 |  7- 9 || total
-------------------------+-------+-------+-------++-------
Melee: Unarmed           |    37 |    16 |    32 ||    85
  Use: Potion            |     2 |       |     1 ||     3
       Scroll            |       |       |     1 ||     1
